AoeStats
← VLLC23

Arabia

506320899Analyzed
3v3 RM · 18d ago on Sep 13, 2026· 38m 2s· 6 players
Game mode
Random Map
Map size
Normal (6 player)
Population
200
Speed
Normal
Resources
Standard
Victory
Conquest
Starting age
Dark Age
Ending age
Imperial Age
RankedLock teamsTeams togetherTeam positionsShared explorationLock speedFull tech treeHidden civsTurbo modeCheats
Victory
Defeat
🇭🇰 Italians · Hong Kong SAR China
1286
+14
🇦🇷 Burgundians · Argentina
1267
+15
🇭🇰 Khmer · Hong Kong SAR China
1250
+16
1285
-16
🇲🇽 Sicilians · Mexico
1268
-16
🇲🇽 Ethiopians · Mexico
1198
-13
MERA_Varalaukar
3:33 Loom
35:54 Feudal Age
MZTK | SUPERLALOSKI
5:42 Loom
10:29 Feudal Age
11:27 Double-Bit Axe
16:40 Padded Archer Armor
17:17 Fletching
17:45 Horse Collar
32:08 Castle Age
32:10 Crossbowman
32:12 Elite Skirmisher
33:26 Thumb Ring
35:08 Bow Saw
MZTK | \_[Cuauhtémoc]_/
7:22 Loom
10:32 Feudal Age
11:13 Double-Bit Axe
11:17 Man-at-Arms
18:17 Fletching
19:28 Padded Archer Armor
19:42 Town Watch
21:31 Wheelbarrow
22:31 Town Watch
26:09 Castle Age
26:50 Bloodlines
26:52 Forging
27:06 Scale Barding Armor
29:10 Iron Casting
28:40 Husbandry
VLLC23
7:03 Loom
9:38 Feudal Age
8:26 Double-Bit Axe
18:40 Bow Saw
25:10 Horse Collar
26:10 Heavy Plow
27:45 Wheelbarrow
31:18 Castle Age
31:01 Forging
31:08 Scale Mail Armor
31:24 Gold Mining
31:25 Pikeman
32:52 Chain Mail Armor
36:29 Wheelbarrow
36:41 Iron Casting
Mano_C
6:39 Loom
8:55 Feudal Age
12:18 Double-Bit Axe
13:36 Horse Collar
15:49 Fletching
18:11 Padded Archer Armor
23:37 Castle Age
23:44 Crossbowman
24:30 Thumb Ring
24:49 Bodkin Arrow
25:09 Leather Archer Armor
26:14 Gold Mining
26:38 Bow Saw
31:26 Wheelbarrow
30:37 Town Watch
hugo0379
9:24 Feudal Age
9:55 Double-Bit Axe
10:03 Horse Collar
15:29 Scale Barding Armor
17:29 Bloodlines
18:07 Forging
20:10 Loom
21:00 Wheelbarrow
24:40 Castle Age
23:53 Gold Mining
25:49 Chain Barding Armor
24:52 Light Cavalry
26:10 Bow Saw
29:52 Husbandry
32:25 Iron Casting
Connection lost

Rejoining the realm…

Still unreachable

The connection could not be restored.

Session expired

The server has moved on; the page needs a fresh start.